 Dungeon Crawl Stone Soup version 0.23.1 (webtiles) character file.

Game seed: 0

70014 Borgoz the Slicer (level 15, -5/128 HPs)
             Began as a Ghoul Monk on Mar 15, 2019.
             Was a High Priest of Ashenzari.
             Slain by a salamander mystic
             ... wielding a +0 quarterstaff
              (6 damage)
             ... on level 2 of the Snake Pit.
             The game lasted 01:05:47 (23320 turns).

Borgoz the Slicer (Ghoul Monk)                     Turns: 23320, Time: 01:05:48

Health: -5/128     AC: 14    Str: 17    XL:     15   Next: 31%
Magic:  0/23       EV: 14    Int:  8    God:    Ashenzari [*****.]
Gold:   1370       SH:  0    Dex: 13    Spells: 19/26 levels left

rFire    + . .     SeeInvis +   s - +10 rapier "Esuyf" {pierce, rElec rC- Stlth+} (curse)
rCold    . . .     Gourm    .   (no shield)
rNeg     + + +     Faith    .   G - +2 scale mail {MR+}
rPois    ∞         Spirit   +   i - +1 hat
rElec    +         Reflect  .   n - +0 cloak (curse)
rCorr    .         Harm     .   (no gloves)
MR       ++...     Clarity  +   c - +0 pair of boots
Stlth    +++.......             R - amulet of guardian spirit
HPRegen  0.00/turn              q - ring of protection from fire
MPRegen  0.18/turn              O - ring of wizardry

@: rotting
A: rotting body, claws 1, carnivore, cold resistance 1, negative energy
resistance 3, inhibited regeneration, torment resistance, unbreathing
a: End Transfer Knowledge, Curse Item, Scrying, Transfer Knowledge, Renounce
Religion


You were on level 2 of the Snake Pit.
You worshipped Ashenzari.
Ashenzari was extremely pleased with you.
You were not hungry.

You visited 5 branches of the dungeon, and saw 22 of its levels.
You also visited: Ice Cave.

You collected 1370 gold pieces.

Inventory:

Hand Weapons
 s - the cursed +10 rapier "Esuyf" (weapon) {pierce, rElec rC- Stlth+}
   (You acquired it on level 1 of the Snake Pit)

   It inflicts extra damage upon your enemies.
   It makes you vulnerable to cold.
   It insulates you from electricity.
   It makes you more stealthy.
   It has a curse placed upon it.
 y - the +7 rapier "Demonslayer" {flame, rElec Str+5}
   (You found it on level 5 of the Dungeon)

   It has been specially enchanted to burn those struck by it, causing extra
   injury to most foes and up to half again as much damage against particularly
   susceptible opponents.
   It affects your strength (+5).
   It insulates you from electricity.
Missiles
 o - 29 tomahawks (quivered)
 w - 6 tomahawks of returning
 F - 2 javelins of penetration
Armour
 c - a +0 pair of boots (worn)
 i - a +1 hat (worn)
 n - a cursed +0 cloak (worn)
 B - a cursed +0 ring mail
 D - a +1 scale mail of fire resistance
 G - a +2 scale mail of magic resistance (worn)
 J - a +2 leather armour of cold resistance
Jewellery
 f - an uncursed ring of protection from cold
 m - a +2 amulet of reflection
 q - a ring of protection from fire (left claw)
 A - a +4 amulet of reflection
 O - a ring of wizardry (right claw)
 R - an amulet of guardian spirit (around neck)
Wands
 p - a wand of digging (4)
 u - a wand of disintegration (67)
 z - a wand of acid (4)
 I - a wand of flame (56)
 K - a wand of scattershot (6)
Scrolls
 a - 15 scrolls of remove curse
 d - 5 scrolls of enchant armour
 g - 2 scrolls of fear
 j - 3 scrolls of identify
 l - 4 scrolls of teleportation
 r - 2 scrolls of fog
 v - 5 scrolls of enchant weapon
 H - 2 scrolls of blinking
 M - 2 scrolls of amnesia
Potions
 e - 3 potions of haste
 h - 2 potions of resistance
 t - a potion of brilliance
 x - 4 potions of flight
 C - 4 potions of curing
Comestibles
 b - 36 rations
 k - 4 chunks of flesh


   Skills:
 + Level 10.6 Fighting
 + Level 12.1(15.7) Short Blades
 - Level 3.1 Throwing
 + Level 9.4 Armour
 + Level 8.6 Dodging
 + Level 7.7 Stealth
 - Level 7.8 Unarmed Combat
 + Level 6.1 Spellcasting
 - Level 6.5 Conjurations
 + Level 5.5 Hexes
 - Level 5.0 Translocations
 - Level 1.0 Air Magic
 - Level 1.2 Poison Magic
 - Level 1.5 Evocations


You had 19 spell levels left.
You knew the following spells:

 Your Spells              Type           Power        Failure   Level  Hunger
a - Mephitic Cloud        Conj/Pois/Air  #.......     24%         3    ###....
b - Blink                 Tloc           N/A          5%          2    ##.....
c - Slow                  Hex            ##......     4%          2    ##.....

Your spell library contained the following spells:

 Spells                   Type           Power        Failure   Level  Hunger
 Magic Dart               Conj           ##..         1%          1    #......
 Sting                    Conj/Pois      #...         6%          1    #......
 Conjure Flame            Conj/Fire      #.......     21%         3    ###....
 Summon Small Mammal      Summ           #...         26%         1    #......
 Poisonous Vapours        Pois/Air       #.....       26%         2    ##.....
 Summon Guardian Golem    Hex/Summ       #.......     26%         3    ###....
 Call Imp                 Summ           #.......     36%         2    ##.....
 Sticks to Snakes         Tmut           #.......     36%         2    ##.....
 Call Canine Familiar     Summ           #.......     58%         3    ###....
 Olgreb's Toxic Radiance  Pois           #.......     80%         4    #####..
 Venom Bolt               Conj/Pois      #.........   80%         5    ######.
 Iskenderun's Battlesphe  Conj/Chrm      #.......     86%         5    ######.
 Summon Lightning Spire   Summ/Air       #.......     88%         4    #####..
 Summon Ice Beast         Ice/Summ       #.......     92%         4    #####..
 Bolt of Magma            Conj/Fire/Erth #.........   95%         5    ######.
 Iron Shot                Conj/Erth      #.........   100%        6    #######
 Orb of Destruction       Conj           ##........   100%        7    #######
 Spellforged Servitor     Conj/Summ      #.........   100%        7    #######
 Beastly Appendage        Tmut           Unusable     N/A         1    N/A
 Spider Form              Tmut/Pois      Unusable     N/A         3    N/A
 Ice Form                 Ice/Tmut       Unusable     N/A         4    N/A
 Blade Hands              Tmut           Unusable     N/A         5    N/A

Dungeon Overview and Level Annotations

Branches:
Dungeon (12/15)            Temple (1/1) D:7            Lair (6/6) D:11
 Shoals (1/4) Lair:3        Snake (2/4) Lair:3        Slime (0/5) Lair:6
    Orc: D:9-12

Altars:
Ashenzari
Cheibriados
Elyvilon
Fedhas
Gozag
Hepliaklqana
Kikubaaqudgha
Makhleb
Nemelex Xobeh
Okawaru
Qazlal
Ru
Sif Muna
Trog
Vehumet
Wu Jian
Xom
Yredelemnul
Zin
The Shining One

Shops:
D:5 }   D:8 =

Annotations:
D:11 Sonja
Lair:3 3 runed translucent doors, Jaiteiro's ghost, journeyman GnFi
Shoals:1 Aizul


Innate Abilities, Weirdness & Mutations

Your body is rotting away.
You thrive on raw meat.
You are immune to poison.
You have sharp fingernails.
You are carnivorous and can eat meat at any time.
Your flesh is cold resistant. (rC+)
You are immune to negative energy. (rN+++)
You do not regenerate when monsters are visible.
You are immune to unholy pain and torment.
You can survive without breathing.


Message History

The black mamba misses you.
The salamander hits you with a +0 halberd!
* * * LOW HITPOINT WARNING * * *
You are engulfed in flames!
You resist.
* * * LOW HITPOINT WARNING * * *
The black mamba closely misses you.
The salamander hits you with a +0 halberd.
* * * LOW HITPOINT WARNING * * *
You are engulfed in flames.
You resist.
* * * LOW HITPOINT WARNING * * *
Things that are here:
a +0 glaive; a salamander corpse You barely miss the salamander mystic.
The salamander mystic is heavily wounded.
The black mamba bites you.
* * * LOW HITPOINT WARNING * * *
The salamander mystic hits you with a +0 quarterstaff.
* * * LOW HITPOINT WARNING * * *
You are engulfed in flames!
You resist.
You die...

* **
....##.##.#........###.###
* *....,..
.................# ... .#.
...........###.#.##
*..,,##.,..#........#
#....# ** *
#..####.......# ###..# *,
#..####.###..## #..# *,
##.......# #..# #..# ,
......NN.###..######..# **
* ****#S@..............# *
, * *#.#####.########## ,
, * , ,..., ,....#* ,
#.... .......# , ,
,,*#............# *
.............## , , *
*........#....## , , *
###....##...## * * *


You could see a salamander mystic, a salamander and a black mamba.

Vanquished Creatures
  Rupert (Snake:1)
  Kirke (Lair:6)
  A stone giant (D:9)
  The ghost of Mumum the Arsonist, a journeyman DrFE of Vehumet (Lair:5)
  The ghost of Wolly the Archer, a journeyman CeAM of Okawaru (Lair:5)
  Josephine (D:11)
  7 hydras
  A merfolk avatar (Lair:6)
  2 anacondas
  2 death yaks (Lair:1)
  Erica (D:11)
  2 naga sharpshooters (Snake:1)
  A shock serpent (Snake:1)
  Nergalle (D:11)
  A naga ritualist (Snake:1)
  A necromancer (IceCv)
  2 mana vipers
  2 ugly things (D:11)
  3 oklob plants
  3 salamanders
  A cyclops (D:11)
  A manticore (D:11)
  2 naga magi (Snake:1)
  12 black mambas
  Joseph (D:7)
  2 elephants (Lair:6)
  3 ice statues (IceCv)
  12 spiny frogs
  A torpor snail (Lair:4)
  2 gargoyles
  A freezing wraith (D:11)
  4 rime drakes
  10 komodo dragons
  A kobold demonologist (D:11)
  10 ice devils
  A troll (D:11)
  5 polar bears
  2 wind drakes (Lair:6)
  4 hornets
  Prince Ribbit (D:5)
  Grinder (D:4)
  10 blink frogs
  8 hippogriffs
  9 dream sheep
  A shadow (D:8)
  A spriggan (D:10)
  A water elemental (D:11)
  4 wyverns
  3 wraiths (D:11)
  43 yaks
  2 basilisks
  A hog (Lair:6)
  A steam dragon (Lair:3)
  Menkaure (D:4)
  3 nagas
  A soldier ant (D:10)
  16 water moccasins
  4 porcupines
  4 ice beasts
  5 orc warriors
  A phantom (D:8)
  A sky beast (D:7)
  2 black bears
  11 necrophages
  3 wolves (D:11)
  4 ogres
  19 centaurs
  13 crocodiles
  2 big kobolds
  16 bullfrogs
  A wyvern zombie (D:11)
  3 scorpions
  19 killer bees
  6 wights (D:7)
  2 howler monkeys
  2 electric eels (D:11)
  3 bullfrog zombies (D:7)
  2 centaur zombies
  4 crimson imps
  3 draconian simulacra (IceCv)
  10 hounds
  11 orc priests
  A centaur skeleton (D:11)
  9 jellies
  16 orc wizards
  7 iguanas
  7 worker ants
  A statue (D:6)
  A troll simulacrum (IceCv)
  2 centaur simulacra (IceCv)
  2 hound skeletons (D:8)
  A hound zombie (D:5)
  A mummy (D:7)
  A howler monkey zombie (D:7)
  A worker ant zombie (D:7)
  10 adders
  7 gnolls
  4 naga simulacra (IceCv)
  2 shadow imps
  4 oozes
  3 adder zombies
  An adder skeleton (D:5)
  A worm (D:3)
  2 dart slugs
  7 leopard geckos
  60 orcs
  A ball python (D:4)
  8 giant cockroaches
  9 goblins
  6 hobgoblins
  13 jackals
  3 quokkas
  10 bats
  4 frilled lizards
  A jackal zombie (D:5)
  15 kobolds
  A leopard gecko zombie (D:7)
  3 quokka skeletons
  2 quokka zombies
  6 rats
  6 fungi (Lair:5)
607 creatures vanquished.

Vanquished Creatures (others)
  A human (Lair:6)
  2 fungi (Lair:6)
  9 plants
12 creatures vanquished.

Grand Total: 619 creatures vanquished

Notes
Turn   | Place    | Note
-------+----------+-------------------------------------------
     0 | D:1      | Borgoz the Ghoul Monk began the quest for the Orb.
     0 | D:1      | Reached XP level 1. HP: 19/19 MP: 0/0
     3 | D:1      | Noticed an electric eel
     3 | D:1      | Noticed an electric eel
    68 | D:1      | Reached XP level 2. HP: 12/25 MP: 1/1
   851 | D:2      | Found a glowing golden altar of the Shining One.
   860 | D:2      | Reached XP level 3. HP: 30/32 MP: 2/2
  1191 | D:2      | Found a blossoming altar of Fedhas.
  1216 | D:2      | Reached XP level 4. HP: 40/40 MP: 3/3
  1270 | D:2      | Found a shimmering altar of Xom.
  1695 | D:3      | Reached XP level 5. HP: 36/46 MP: 4/4
  1770 | D:3      | Reached skill level 1 in Armour
  1770 | D:3      | Reached skill level 5 in Unarmed Combat
  2218 | D:3      | Reached XP level 6. HP: 32/52 MP: 5/5
  2487 | D:4      | Noticed Menkaure
  2501 | D:4      | Killed Menkaure
  2654 | D:4      | Reached XP level 7. HP: 53/58 MP: 6/6
  2690 | D:4      | Noticed Grinder
  2703 | D:4      | Killed Grinder
  3111 | D:4      | Found an ancient bone altar of Kikubaaqudgha.
  3111 | D:4      | Found a sparkling altar of Nemelex Xobeh.
  3426 | D:5      | Entered Level 5 of the Dungeon
  3436 | D:5      | Got an iridescent rapier
  3449 | D:5      | Reached XP level 8. HP: 66/66 MP: 7/7
  3480 | D:5      | Noticed Prince Ribbit
  3485 | D:5      | Killed Prince Ribbit
  3627 | D:5      | Found Goomosh's Gadget Shoppe.
  4043 | D:5      | Found a hazy altar of Hepliaklqana.
  4674 | D:6      | Reached skill level 5 in Dodging
  4908 | D:5      | Identified the +7 rapier "Demonslayer" {flame, rElec Str+5}
                  | (You found it on level 5 of the Dungeon)
  4961 | D:6      | Reached XP level 9. HP: 54/72 MP: 8/8
  5049 | D:6      | Reached skill level 5 in Stealth
  5059 | D:6      | Reached skill level 1 in Short Blades
  5117 | D:6      | Found a radiant altar of Vehumet.
  5394 | D:7      | Identified the ring "Beam Ger" {*Contam rPois Dex+10}
  5644 | D:7      | Noticed Joseph
  5647 | D:7      | Reached skill level 2 in Short Blades
  5655 | D:7      | Killed Joseph
  5655 | D:7      | Reached skill level 3 in Short Blades
  5678 | D:7      | Reached skill level 5 in Fighting
  5944 | D:7      | Reached skill level 4 in Short Blades
  6085 | D:7      | Reached XP level 10. HP: 38/83 MP: 9/9
  6318 | D:7      | Reached skill level 5 in Short Blades
  6541 | D:7      | Found a staircase to the Ecumenical Temple.
  6634 | Temple   | Entered the Ecumenical Temple
  6692 | Temple   | Became a worshipper of Ashenzari the Shackled
  6692 | Temple   | Reached * piety under Ashenzari
  6692 | Temple   | Reached ** piety under Ashenzari
  7247 | D:8      | Reached skill level 6 in Short Blades
  7335 | D:8      | Found Necyedimn's Jewellery Shop.
  7344 | D:8      | Reached skill level 5 in Armour
  8487 | D:9      | Learned a level 3 spell: Mephitic Cloud
  8528 | D:9      | Reached *** piety under Ashenzari
  8818 | D:9      | Learned a level 2 spell: Blink
  8913 | D:9      | Noticed a stone giant
  8916 | D:9      | Found a shimmering altar of Xom.
  8917 | D:9      | Noticed a four-headed hydra
  8941 | D:9      | Killed a stone giant
  8941 | D:9      | Reached skill level 7 in Short Blades
  8941 | D:9      | Reached skill level 1 in Spellcasting
  8941 | D:9      | Reached skill level 1 in Conjurations
  8941 | D:9      | Reached skill level 1 in Translocations
  8941 | D:9      | Reached skill level 1 in Air Magic
  8941 | D:9      | Reached skill level 1 in Poison Magic
  8941 | D:9      | Reached skill level 1 in Evocations
  8941 | D:9      | Reached XP level 11. HP: 44/91 MP: 9/11
  9001 | D:9      | Found a hazy altar of Hepliaklqana.
  9120 | D:9      | Killed a four-headed hydra
  9356 | D:10     | Entered Level 10 of the Dungeon
  9447 | D:10     | Identified the +7 glaive of Heck {chop, Str+3}
 10202 | D:10     | Reached skill level 8 in Short Blades
 10575 | D:11     | Noticed Nergalle
 10589 | D:11     | Killed Nergalle
 10710 | D:11     | Noticed a seven-headed hydra
 10983 | D:11     | Killed a seven-headed hydra
 10983 | D:11     | Reached XP level 12. HP: 101/101 MP: 15/15
 11218 | D:11     | Found a staircase to the Lair.
 11347 | D:11     | HP: 4/101 [komodo dragon (19)]
 11704 | D:11     | Noticed Sonja
 12296 | D:11     | Learned a level 2 spell: Slow
 12425 | D:11     | Reached skill level 9 in Short Blades
 12458 | D:11     | Noticed Josephine
 12479 | D:11     | Killed Josephine
 12808 | D:11     | Noticed Erica
 12816 | D:11     | Killed Erica
 12873 | Lair:1   | Entered Level 1 of the Lair of Beasts
 13129 | Lair:1   | Reached skill level 5 in Translocations
 13133 | Lair:1   | Noticed a death yak
 13133 | Lair:1   | Noticed a death yak
 13147 | Lair:1   | Killed a death yak
 13165 | Lair:1   | Killed a death yak
 13170 | Lair:1   | Reached skill level 1 in Hexes
 13170 | Lair:1   | Reached XP level 13. HP: 75/108 MP: 18/18
 13861 | Lair:2   | Reached **** piety under Ashenzari
 13993 | Lair:2   | Reached skill level 5 in Spellcasting
 14226 | Lair:2   | Reached skill level 10 in Short Blades
 14595 | Lair:3   | Found a runed translucent gate.
 14608 | Lair:3   | Found a runed translucent gate.
 14609 | Lair:3   | Found a runed translucent gate.
 14612 | Lair:3   | Noticed a minotaur
 14629 | Lair:3   | Found a frozen archway.
 14653 | IceCv    | Entered an ice cave
 15820 | Lair:3   | Noticed Jaiteiro's ghost (journeyman GnFi)
 15883 | Lair:3   | Found a staircase to the Shoals.
 16029 | Lair:3   | Reached skill level 1 in Throwing
 16092 | Lair:3   | Found a staircase to the Snake Pit.
 16101 | Lair:3   | Reached skill level 5 in Conjurations
 17496 | Lair:4   | Reached ***** piety under Ashenzari
 17960 | Lair:5   | Reached XP level 14. HP: 106/116 MP: 21/21
 18296 | Lair:5   | Found a runed translucent gate.
 18296 | Lair:5   | Found a runed translucent gate.
 18296 | Lair:5   | Found a runed translucent gate.
 18301 | Lair:5   | Noticed Wolly's ghost (journeyman CeAM)
 18301 | Lair:5   | Noticed Mumum's ghost (journeyman DrFE)
 18324 | Lair:5   | Found a blossoming altar of Fedhas.
 18367 | Lair:5   | Reached skill level 11 in Short Blades
 19171 | Lair:5   | Killed Mumum's ghost
 19176 | Lair:5   | Killed Wolly's ghost
 19597 | Lair:6   | Entered Level 6 of the Lair of Beasts
 20074 | Lair:6   | Found a staircase to the Slime Pits.
 21138 | Lair:6   | Noticed Kirke
 21162 | Lair:6   | Killed Kirke
 21184 | Lair:6   | Reached skill level 10 in Fighting
 21763 | Lair:6   | Reached skill level 5 in Hexes
 22198 | Shoals:1 | Entered Level 1 of the Shoals
 22200 | Shoals:1 | Noticed Aizul
 22239 | Snake:1  | Entered Level 1 of the Snake Pit
 22411 | Snake:1  | Reached XP level 15. HP: 66/124 MP: 17/23
 22749 | Snake:1  | Identified a scroll of acquirement
 22749 | Snake:1  | Identified the cursed +10 rapier "Esuyf" {pierce, rElec rC-
                  | Stlth+} (You acquired it on level 1 of the Snake Pit)
 22964 | Snake:1  | Noticed Rupert
 22992 | Snake:1  | Killed Rupert
 22992 | Snake:1  | Reached skill level 12 in Short Blades
 23320 | Snake:2  | HP: 5/128 [black mamba (2)]
 23320 | Snake:2  | HP: 1/128 [salamander mystic/+0 quarterstaff (4)]
 23320 | Snake:2  | Slain by a salamander mystic

Skill      XL: |  1  2  3  4  5  6  7  8  9 10 11 12 13 14 15 |
---------------+----------------------------------------------+-----
Dodging        | 3 4 5 6 7 8 |  8.6
Unarmed Combat | 4 5 6 7 9 7 |  7.8
Stealth        | 3 4 5 6 7 |  7.7
Armour         | 1 2 3 4 5 6 7 8 9 |  9.4
Fighting       | 4 5 6 7 8 9 10 | 10.6
Short Blades   | 4 7 8 9 10 11 12 | 12.1
Spellcasting   | 1 2 4 5 6 |  6.1
Conjurations   | 1 3 4 5 6 |  6.5
Translocations | 1 3 5 |  5.0
Air Magic      | 1 |  1.0
Poison Magic   | 1 |  1.2
Evocations     | 1 |  1.5
Hexes          | 1 3 5 |  5.5
Throwing       | 1 3 |  3.1

Action                   |  1- 3 |  4- 6 |  7- 9 | 10-12 | 13-15 || total
-------------------------+-------+-------+-------+-------+-------++-------
Melee: Unarmed           |   100 |   214 |   170 |       |       ||   484
       Punch             |     3 |     3 |     8 |    34 |    63 ||   111
       Rapier            |       |       |   108 |   855 |  1159 ||  2122
 Cast: Blink             |       |       |       |     3 |     7 ||    10
       Mephitic Cloud    |       |       |       |       |     3 ||     3
Invok: Curse Item        |       |       |       |     2 |       ||     2
       Transfer Knowledg |       |       |       |       |     1 ||     1
Evoke: Wand              |       |       |     5 |     5 |     3 ||    13
  Use: Scroll            |     2 |     3 |     2 |     8 |    14 ||    29
       Potion            |       |       |     3 |    16 |     5 ||    24
 Stab: Sleeping          |     6 |     2 |     6 |     7 |    13 ||    34
       Invisible         |       |       |       |     8 |       ||     8
       Distracted        |       |       |       |       |     4 ||     4
       Confused          |       |       |       |       |     2 ||     2
  Eat: Chunk             |     5 |     9 |    12 |    72 |   120 ||   218
Armor: Robe              |    14 |       |       |       |       ||    14
       Leather armour    |     6 |    64 |    58 |     4 |       ||   132
       Scale mail        |       |       |       |   252 |   274 ||   526
Dodge: Dodged            |    68 |   149 |   199 |   482 |   388 ||  1286
Block: Other             |       |    22 |    13 |    56 |    44 ||   135
       Reflection        |       |       |       |     6 |       ||     6
